 Dungeon Crawl Stone Soup version 0.28.0-53-g5a82cb258f (webtiles) character file.

Game seed: 9237279845152503912

122 Jerry the Skirmisher (level 5, 0/28 HPs)
             Began as a Vine Stalker Fighter on Sept 16, 2022.
             Succumbed to an orc's poison
             ... on level 3 of the Dungeon.
             The game lasted 00:02:47 (2116 turns).

Jerry the Skirmisher (Vine Stalker Fighter)         Turns: 2116, Time: 00:02:47

Health: 0/28       AC:  6    Str: 18    XL:     5   Next: 6%
Magic:  4/6        EV:  9    Int:  8    God:
Gold:   76         SH:  5    Dex: 16    Spells: 4/4 levels left

rFire   . . .      SeeInvis .   i - +2 mace (protect)
rCold   . . .      Faith    .   c - +0 buckler
rNeg    . . .      Spirit   +   b - +0 scale mail
rPois   .          Reflect  .   (no helmet)
rElec   .          Harm     .   (no cloak)
rCorr   .          Rampage  .   (no gloves)
Will    .....                   (no boots)
Stlth   ..........              (no amulet)
HPRegen 0.89/turn               (no ring)
MPRegen 0.10/turn               (no ring)

@: lethally poisoned (0 -> -5), attractive
A: fangs 2, regeneration 1, magic shield, antimagic bite, no potion heal 2
a: no special abilities


You were on level 3 of the Dungeon.
You visited 1 branch of the dungeon, and saw 3 of its levels.

You collected 76 gold pieces.

Inventory:

Hand Weapons
 a - a +0 rapier
 i - a +2 mace of protection (weapon)
Armour
 b - a +0 scale mail (worn)
 c - a +0 buckler (worn)
Scrolls
 e - a scroll of magic mapping {unknown}
 f - a scroll of enchant weapon {unknown}
 g - 2 scrolls of identify {unknown}
 l - a scroll of teleportation {unknown}
Potions
 d - 2 potions of might
 j - a potion of haste {unknown}
 k - a potion of ambrosia {unknown}
 m - 2 potions of curing {unknown}


   Skills:
 + Level 3.4 Fighting
 + Level 2.7 Short Blades
 + Level 3.1 Armour
 + Level 3.3 Shields


You had 4 spell levels left.
You didn't know any spells.
Your spell library contained the following spells:

 Spells                   Type           Power      Damage    Failure   Level
 Gell's Gravitas          Tloc           0%         N/A       99%         3
 Teleport Other           Tloc           0%         N/A       99%         3
 Dispersal                Tloc           0%         N/A       100%        6


Dungeon Overview and Level Annotations

Branches:
Dungeon (3/15)

Altars:


Innate Abilities, Weirdness & Mutations

You have extremely sharp teeth.
Your natural rate of healing is unusually fast.
When hurt, damage is shared between your health and your magic reserves.
Your bite disrupts and absorbs the magic of your enemies.
Potions cannot restore your health.


Message History

No target in view!
Found an escape hatch in the ceiling.
l - a scroll labelled HUUNASS CUITHE No target in view!
No target in view!
You open the door.
Found a stone staircase leading down.
Found a buckler.
There is an open door here.
m - 2 pink potions You now have 76 gold pieces (gained 8).
An orc comes into view. It is wielding a +4 hand axe of venom.
The orc shouts!
You hit the orc.
Your weapon exudes an aura of protection.
The orc is moderately wounded.
The orc hits you with a +4 hand axe of venom!
You are poisoned.
The orc hits you but does no damage.
You hit the orc but do no damage. You bite the orc. You drain its power.
You feel invigorated.
The orc is heavily wounded.
You feel very sick.
The orc hits you with a +4 hand axe of venom!
You are lethally poisoned!
You are too injured to fight recklessly!
You are too injured to fight recklessly!
You are too injured to fight recklessly!
It was a potion of attraction.
You feel attractive to monsters.
You feel very sick. You block the orc's attack.
You closely miss the orc. You bite the orc.
You kill the orc!
* * * LOW HITPOINT WARNING * * *
You feel very sick.
* * * LOW HITPOINT WARNING * * *
You feel very sick.
You see here a +4 hand axe of venom.
You die...

###...............
#.................
#.#.##########....
#.#............#..
#.###############.
#.# ... #.# ###.
#)# #. #@# #. #.#
..# .#.# #.#.# #
### #### ...<.
..... #####


There were no monsters in sight!

Vanquished Creatures
  8 adders (D:2)
  A worm (D:2)
  2 dart slugs
  An orc (D:3)
  5 ball pythons
  5 bats
  9 endoplasms
  2 giant cockroaches (D:2)
  2 goblins (D:1)
  A hobgoblin (D:1)
  2 jackals (D:1)
  2 kobolds
  4 rats
44 creatures vanquished.

Vanquished Creatures (others)
  10 plants (D:1)
10 creatures vanquished.

Grand Total: 54 creatures vanquished

Notes
Turn   | Place    | Note
-------+----------+-------------------------------------------
     0 | D:1      | Jerry the Vine Stalker Fighter began the quest for the Orb.
     0 | D:1      | Reached XP level 1. HP: 11/11 MP: 2/2
   179 | D:1      | Reached XP level 2. HP: 9/16 MP: 3/3
   956 | D:2      | Reached XP level 3. HP: 14/20 MP: 2/4
  1258 | D:2      | Found a faded altar of an unknown god.
  1399 | D:2      | Gained mutation: Your natural rate of healing is unusually
                  | fast. [Vine Stalker growth]
  1399 | D:2      | Reached XP level 4. HP: 24/24 MP: 5/5
  1866 | D:2      | Reached XP level 5. HP: 28/28 MP: 6/6
  2116 | D:3      | Succumbed to an orc's poison

Illustrated notes

Levels and vault maps discovered:
D:1:      roderic_crop_circles_arrival_small, layout_rooms
D:2:      layout_loops_corners, chequers_ecumenical_altar_simple_redux
D:3:      layout_basic, lemuel_crystal_altar, wad_floor_pattern_1

Skill      XL: |  1  2  3  4 |
---------------+-------------+-----
Short Blades   | 2 |  2.7
Fighting       | 3 |  3.4
Shields        | 3 |  3.3
Armour         | 3 |  3.1

Action                   |  1- 3 |  4- 6 || total
-------------------------+-------+-------++-------
Melee: Rapier            |    76 |       ||    76
       Bite              |    22 |    10 ||    32
       Mace              |     4 |    47 ||    51
  Use: Potion            |       |     1 ||     1
Armor: Scale mail        |    31 |    23 ||    54
Dodge: Dodged            |    30 |    26 ||    56
Block: Buckler           |    23 |     9 ||    32
